 Dungeon Crawl Stone Soup version 0.29-a0-356-g7bc237e783 (webtiles) character file.

Game seed: 13496332963125792601

220 sammy202020 the Ruffian (level 5, -1/53 HPs)
             Began as a Troll Fighter on Apr 27, 2022.
             Succumbed to an adder's poison
             ... in a sewer.
             The game lasted 00:04:06 (1409 turns).

sammy202020 the Ruffian (Troll Fighter)             Turns: 1409, Time: 00:04:07

Health: -1/53      AC:  5    Str: 21 (24) XL:     5   Next: 64%
Magic:  4/4        EV:  8    Int:  3 (6)  God:
Gold:   113        SH:  7    Dex:  7 (9)  Spells: 4/4 levels left

rFire   . . .      SeeInvis .     - Unarmed
rCold   . . .      Faith    .   b - +0 kite shield
rNeg    . . .      Spirit   .   a - +1 robe
rPois   .          Reflect  .   (helmet restricted)
rElec   .          Harm     .   (no cloak)
rCorr   .          Rampage  .   (gloves unavailable)
Will    .....                   (boots unavailable)
Stlth   +.........              (no amulet)
HPRegen 0.97/turn               (no ring)
MPRegen 0.09/turn               (no ring)

@: mighty, lethally poisoned (-1 -> -6), attractive
A: large, unfitting armour, claws 3, regeneration 1, shaggy fur 1, tough skin 1
a: no special abilities


You were in a sewer.
You visited 1 branch of the dungeon, and saw 3 of its levels.
You also visited: Sewer.

You collected 113 gold pieces.

Inventory:

Hand Weapons
 d - a +0 club
 g - a +1 mace
Armour
 a - a +1 robe (worn)
 b - a +0 kite shield (worn)
Jewellery
 i - a ring of ice
Scrolls
 f - a scroll of identify {unknown}
Potions
 h - 4 potions of flight


   Skills:
 * Level 3.4 Fighting
 + Level 1.2 Maces & Flails
 + Level 3.1 Dodging
 + Level 3.0 Shields
 * Level 3.6 Unarmed Combat


You had 4 spell levels left.
You didn't know any spells.
Your spell library was empty.

Dungeon Overview and Level Annotations

Branches:
Dungeon (3/15)              Sewer (1/1)

Altars:

Shops:
D:1 ?


Innate Abilities, Weirdness & Mutations

You are too large for most types of armour.
You have claws for hands.
Your natural rate of healing is unusually fast.
You are covered in fur. (AC +1)
You have tough skin. (AC +1)


Message History

You feel very sick. The adder barely misses you. The adder bites you.
You are more poisoned.
The adder poisons you!
The adder bites you but does no damage. x2
You block the adder's attack. The adder barely misses you.
Sorry, you're not good enough to have a special ability.
Unknown command.
You feel very mighty all of a sudden.
You feel very sick. The adder bites you.
* * * LOW HITPOINT WARNING * * *
You are more poisoned.
The adder poisons you! The adder bites you.
* * * LOW HITPOINT WARNING * * *
You block the adder's attack.
You miss the adder.
You feel very sick. The adder completely misses you. The adder bites you.
* * * LOW HITPOINT WARNING * * *
You are lethally poisoned!
The adder poisons you! The adder barely misses you. The adder bites you.
* * * LOW HITPOINT WARNING * * *
You claw the adder!
You kill the adder!
* * * LOW HITPOINT WARNING * * *
You feel very sick. The adder closely misses you.
The adder bites you but does no damage. The adder closely misses you.
The adder bites you but does no damage.
It was a potion of attraction.
You feel attractive to monsters.
* * * LOW HITPOINT WARNING * * *
You feel very sick. The adder closely misses you. The adder bites you.
* * * LOW HITPOINT WARNING * * *
Unknown command.
Sorry, you're not good enough to have a special ability.
It was a potion of degeneration.
There was something very wrong with that liquid.
You feel weakened.
You feel dopey.
You feel clumsy.
You die...

≈≈≈≈≈≈# ≈≈.≈≈# ≈≈≈≈# #≈≈≈# #≈≈≈#
#≈≈.# ++#####++#####≈≈≈#
...........≈≈≈≈≈.#
.......†@..≈.≈≈†≈#
++#####SS#####≈≈≈# #....# #≈≈†#
###### #≈≈≈#
######################≈≈≈#######
.≈.≈≈≈.≈≈≈≈≈≈≈≈≈≈≈..≈≈≈≈≈≈≈≈≈≈≈≈
≈≈≈≈≈≈≈≈≈≈≈≈≈≈≈≈≈≈≈≈≈≈≈≈.≈≈≈≈≈≈≈
≈..≈..≈≈≈≈≈≈≈≈≈.†≈.≈≈.≈≈≈≈≈≈≈≈≈≈
################################


You could see 2 adders.

Vanquished Creatures
  A phantom (D:3)
  2 gnolls (D:1)
  5 adders
  2 river rats (D:3)
  3 worms (D:3)
  A dart slug (D:1)
  An orc (D:3)
  3 ball pythons (D:1)
  5 endoplasms
  2 giant cockroaches
  8 goblins
  4 hobgoblins
  A jackal (Sewer)
  3 quokkas
  6 bats
  4 frilled lizards
  4 kobolds
  3 rats
58 creatures vanquished.

Vanquished Creatures (others)
  6 fungi (D:2)
  7 plants (D:2)
13 creatures vanquished.

Grand Total: 71 creatures vanquished

Notes
Turn   | Place    | Note
-------+----------+-------------------------------------------
     0 | D:1      | sammy202020 the Troll Fighter began the quest for the Orb.
     0 | D:1      | Reached XP level 1. HP: 22/22 MP: 0/0
    97 | D:1      | Reached XP level 2. HP: 17/29 MP: 1/1
   114 | D:1      | Found Luq Ulusm's Magic Scroll Boutique.
   266 | D:1      | Reached XP level 3. HP: 31/36 MP: 2/2
   835 | D:2      | Found a faded altar of an unknown god.
  1096 | D:3      | Noticed a phantom
  1102 | D:3      | Killed a phantom
  1103 | D:3      | Reached skill level 1 in Maces & Flails
  1103 | D:3      | Reached XP level 4. HP: 45/45 MP: 3/3
  1173 | D:3      | Reached XP level 5. HP: 53/53 MP: 4/4
  1239 | D:3      | Found a glowing drain.
  1248 | Sewer    | Entered a sewer
  1408 | Sewer    | HP: 2/53 [poisoned by an adder]
  1409 | Sewer    | Succumbed to an adder's poison

Illustrated notes

Levels and vault maps discovered:
D:1:      eino_arrival_cavern_a, layout_rooms, serial_shops, shop,
          chequers_serial_rivers_small_b
D:2:      layout_rooms, shapermc_ecumenical_altar_mp_urbaneastern
D:3:      layout_loops_ring, lightli_sewer_entry_pipes
Sewer:    sewer_fruit_machine

Skill      XL: |  1  2  3  4  5 |
---------------+----------------+-----
Fighting       | 3 |  3.4
Maces & Flails | 1 |  1.2
Unarmed Combat | 3 |  3.6
Dodging        | 3 |  3.1
Shields        | 3 |  3.0

Action                   |  1- 3 |  4- 6 || total
-------------------------+-------+-------++-------
Melee: Unarmed           |    96 |    82 ||   178
  Use: Scroll            |     7 |       ||     7
       Potion            |       |     3 ||     3
 Stab: Sleeping          |       |     1 ||     1
Armor: Robe              |    35 |    52 ||    87
Dodge: Dodged            |    32 |    57 ||    89
Block: Kite shield       |    27 |    37 ||    64

Table legend: (Time is in decaauts)
 A = Elapsed time spent in this place.
 B = Non-inter-level travel time spent in this place.
 C = Inter-level travel time spent in this place.
 D = Time resting spent in this place.
 E = Time spent auto-exploring this place.
 F = Levels seen in this place.
 G = Mean time per level.
                   A        B        C        D        E       F      G
               +--------+--------+--------+--------+--------+-----+--------+
         Total |   1489 |   1489 |      0 |      0 |    923 |   4 |  372.2 |
       Dungeon |   1283 |   1283 |      0 |      0 |    825 |   3 |  427.7 |
         Sewer |    205 |    205 |      0 |      0 |     98 |   1 |  205.0 |
               +--------+--------+--------+--------+--------+-----+--------+

Top non-repeatable levels by time:
     D:1: 649 daAuts
     D:2: 442 daAuts
   Sewer: 205 daAuts
     D:3: 192 daAuts
